 Dungeon Crawl Stone Soup version 0.29.1-2-gbd0b4ee654 (webtiles) character file.

Game seed: 16149757033527750962

239 Icepheonix32 the Reanimator (level 5, 0/28 HPs)
             Began as a Deep Elf Necromancer on Oct 31, 2022.
             Slain by a human zombie (5 damage)
             ... in an ossuary.
             The game lasted 00:06:36 (3854 turns).

Icepheonix32 the Reanimator (Deep Elf Necromancer)  Turns: 3854, Time: 00:06:36

Health: 0/28       AC:  5    Str:  7    XL:     5   Next: 79%
Magic:  11/11      EV: 12    Int: 20    God:
Gold:   219        SH:  0    Dex: 15    Spells: 1/10 levels left

rFire   . . .      SeeInvis .   n - +5 dagger
rCold   . . .      Faith    .   (no shield)
rNeg    . . .      Spirit   .   a - +0 robe
rPois   .          Reflect  .   (no helmet)
rElec   .          Harm     .   (no cloak)
rCorr   .          Rampage  .   (no gloves)
Will    .....                   g - +2 pair of boots {Stlth+}
Stlth   +++.......              k - amulet of magic regeneration
HPRegen 0.09/turn               d - ring of wizardry
MPRegen 0.52/turn               (no ring)

@: no status effects
A: no striking features
a: no special abilities


You were in an ossuary.
You visited 1 branch of the dungeon, and saw 4 of its levels.
You also visited: Ossuary.

You collected 219 gold pieces.

Inventory:

Hand Weapons
 j - a +2 dagger of venom
 n - a +5 dagger (weapon)
 u - a +2 short sword of speed
 x - a +1 dagger of venom
Armour
 a - a +0 robe (worn)
 g - a +2 pair of boots of stealth (worn)
Jewellery
 d - a ring of wizardry (left hand)
 k - an amulet of magic regeneration (around neck)
 q - a ring of fire
Scrolls
 c - 4 scrolls of enchant armour
 e - a scroll of noise
 l - a scroll of teleportation
 s - a scroll of amnesia
 v - 2 scrolls of fear
 w - a scroll of poison
 y - a scroll of identify
Potions
 b - a potion of magic
 f - 2 potions of degeneration {unknown}
 h - a potion of flight {unknown}
 i - a potion of heal wounds
 m - a potion of curing
 o - a potion of cancellation {unknown}
 p - 2 potions of brilliance {unknown}
 r - 2 potions of might {unknown}
 t - a potion of haste {unknown}
 A - 2 potions of ambrosia {unknown}


   Skills:
 + Level 0.6 Short Blades
 + Level 2.5 Dodging
 - Level 2.4 Stealth
 - Level 3.0 Spellcasting
 - Level 8.5 Necromancy


You had one spell level left.
You knew the following spells:

 Your Spells              Type           Power      Damage    Failure   Level
a - Necrotise             Necr           100%       1d9       1%          1
b - Vampiric Draining     Necr           37%        2d8       1%          3
c - Slow                  Hex            12%        N/A       6%          1
d - Animate Dead          Necr           37%        N/A       1%          4

Your spell library contained the following spells:

 Spells                   Type           Power      Damage    Failure   Level
 Agony                    Necr           37%        N/A       4%          5
 Blink                    Tloc           6%         N/A       9%          2
 Gell's Gravitas          Tloc           3%         N/A       16%         3
 Lesser Beckoning         Tloc           3%         N/A       16%         3
 Teleport Other           Tloc           3%         N/A       16%         3
 Manifold Assault         Tloc           3%         N/A       80%         5
 Dispersal                Tloc           1%         N/A       100%        6
 Disjunction              Tloc           1%         N/A       100%        8


Dungeon Overview and Level Annotations

Branches:
Dungeon (4/15)            Ossuary (1/1)
 Temple: D:4-7

Altars:
Qazlal

Annotations:
D:3 Natasha


Message History

You are too injured to fight recklessly!
You are too injured to fight recklessly!
Unknown command.
Casting: Necrotise (safe; 1% risk of failure)
Confirm with . or Enter, or press ? or * to list all spells.
You can't see any susceptible monsters within range! (Use Z to cast anyway.)
Casting: Necrotise (safe; 1% risk of failure)
Confirm with . or Enter, or press ? or * to list all spells.
Aiming: Slow (safe; 6% risk of failure)
Press: ? - help, Shift-Dir - straight line, f - human zombie
Aim: a human zombie (moderately damaged, chance to affect: 48%)
The human zombie resists with some effort.
Casting: Slow (safe; 6% risk of failure)
Confirm with . or Enter, or press ? or * to list all spells.
Aiming: Slow (safe; 6% risk of failure)
Press: ? - help, Shift-Dir - straight line, f/p - human zombie
Aim: a human zombie (moderately damaged, chance to affect: 48%)
The human zombie seems to slow down.
The hobgoblin zombie closely misses you.
The human zombie hits you but does no damage.
Unknown command.
You barely miss the human zombie.
The human zombie is moderately damaged.
The hobgoblin zombie barely misses you.
You closely miss the human zombie.
The human zombie is moderately damaged.
The human zombie hits you.
You hit the human zombie.
The human zombie is moderately damaged.
The human zombie is no longer moving slowly.
The hobgoblin zombie closely misses you.
You hit the human zombie.
The human zombie is moderately damaged.
The hobgoblin zombie closely misses you.
The human zombie hits you.
* * * LOW HITPOINT WARNING * * *
You hit the human zombie.
The human zombie is heavily damaged.
The hobgoblin zombie barely misses you. The human zombie hits you.
You die...

#########
#...#...#
#.∩.'.∩.#
#...#...#
######'##
#..@#...#
#.ZZ8...#
#.......#
##8...8##
#.......#
#...8...#
#...#...#
##+######


You could see a hobgoblin zombie and a human zombie.

Vanquished Creatures
  An orc priest (D:3)
  Natasha (twice) (D:3)
  A mummy (D:4)
  2 adders
  4 gnolls
  An ufetubus (D:2)
  2 worms
  3 dart slugs
  5 orcs (D:3)
  7 bats
  2 endoplasms
  3 giant cockroaches
  A gnoll zombie (Ossuary)
  5 goblins
  7 hobgoblins
  2 jackals (D:1)
  4 quokkas
  5 ball pythons
  3 frilled lizards
  A goblin zombie (D:4)
  6 kobolds
  6 rats
73 creatures vanquished.

Vanquished Creatures (collateral kills)
  An endoplasm (D:1)
  A hobgoblin (D:3)
  A quokka (D:3)
3 creatures vanquished.

Grand Total: 76 creatures vanquished

Notes
Turn   | Place    | Note
-------+----------+-------------------------------------------
     0 | D:1      | Icepheonix32 the Deep Elf Necromancer began the quest for
                  | the Orb.
     0 | D:1      | Reached XP level 1. HP: 10/10 MP: 6/6
    70 | D:1      | Reached skill level 5 in Necromancy
   323 | D:1      | Reached XP level 2. HP: 15/15 MP: 6/8
   559 | D:1      | Found a faded altar of an unknown god.
   567 | D:1      | Got Plato's Handbook of Curses
   775 | D:1      | Reached skill level 6 in Necromancy
   781 | D:1      | Reached XP level 3. HP: 8/19 MP: 5/9
   793 | D:1      | Learned a level 3 spell: Vampiric Draining
   982 | D:1      | Learned a level 1 spell: Slow
  1970 | D:2      | Reached XP level 4. HP: 11/24 MP: 10/10
  2231 | D:2      | Reached skill level 7 in Necromancy
  2726 | D:2      | Learned a level 4 spell: Animate Dead
  2797 | D:3      | Noticed Natasha
  2802 | D:3      | Killed Natasha
  2816 | D:3      | Reached XP level 5. HP: 28/28 MP: 11/11
  2941 | D:3      | Noticed Natasha
  2948 | D:3      | Killed Natasha
  2967 | D:3      | Reached skill level 8 in Necromancy
  3160 | D:3      | Noticed Natasha
  3228 | D:3      | HP: 1/28 [orc/+0 club (5)]
  3287 | D:3      | Found a stormy altar of Qazlal.
  3819 | D:4      | Found a sand-covered staircase.
  3827 | Ossuary  | Entered an ossuary
  3854 | Ossuary  | Slain by a human zombie

Illustrated notes

Levels and vault maps discovered:
D:1:      dpeg_arrival_brainrot, layout_basic,
          shapermc_ecumenical_altar_rom_forum, serial_forest,
          infiniplex_forest_split, infiniplex_forest_3_way,
          infiniplex_forest_straight_3, infiniplex_forest_clump_small,
          infiniplex_forest_end_2, infiniplex_forest_end_3, corexii_corridor_pit
D:2:      layout_basic, mrwooster_statue_mirror, minmay_tetromino_o4
D:3:      layout_loops_ring, mainiacjoe_overflow_alcove_2, minmay_unequal,
          uniq_natasha
D:4:      layout_gridville, nicolae_ossuary_entry_giza, uniq_pikel,
          uniq_menkaure
Ossuary:  ossuary_minmay_scorpions

Skill      XL: |  1  2  3  4  5 |
---------------+----------------+-----
Necromancy     | 5 6 7 8 |  8.5
Short Blades   | |  0.6
Dodging        | |  2.5
Stealth        | |  2.4
Spellcasting   | |  3.0

Action                   |  1- 3 |  4- 6 || total
-------------------------+-------+-------++-------
Melee: Unarmed           |     2 |       ||     2
       Dagger            |    14 |    25 ||    39
 Cast: Necrotise         |    58 |    61 ||   119
       Slow              |       |     5 ||     5
  Use: Scroll            |     7 |     4 ||    11
       Potion            |       |     1 ||     1
 Stab: Sleeping          |       |     3 ||     3
Armor: Robe              |     5 |     7 ||    12
Dodge: Dodged            |    24 |    19 ||    43
